 Dungeon Crawl Stone Soup version 0.31-a0-83-gbff143cfd1 (webtiles) character file.

Game seed: 6137272119696313655

40 Esekla the Sneak (level 3, 26/26 HPs)
             Began as an Octopode Delver on May 25, 2023.
             Quit the game on level 5 of the Dungeon.
             The game lasted 00:01:40 (196 turns).

Esekla the Sneak (Octopode Delver)                   Turns: 196, Time: 00:01:40

Health: 26/26      AC:  1    Str: 11    XL:     3   Next: 50%
Magic:  4/4        EV: 13    Int: 14    God:
Gold:   22         SH:  0    Dex: 13    Spells: 3/3 levels left

rFire   . . .        a - +0 falchion
rCold   . . .        (no shield)
rNeg    . . .        (helmet restricted)
rPois   .            (no amulet)
rElec   .            (no ring)
rCorr   .            (no ring)
SInv    .            (no ring)
Will    .....        (no ring)
Stlth   ++++         (no ring)
HPRegen 0.24/turn    (no ring)
MPRegen 0.09/turn    (no ring)
                     (no ring)

%: no passive effects
@: no status effects
A: almost no armour, amphibious, 8 rings, camouflage 1, gelatinous body 1,
(nimble swimmer 1), tentacles
a: no special abilities


You were on level 5 of the Dungeon.
You visited 1 branch of the dungeon, and saw 1 of its levels.

You collected 22 gold pieces.

Inventory:

Hand Weapons
 a - a +0 falchion (weapon)
Wands
 f - a wand of digging (3)
Scrolls
 b - a scroll of fog
 d - a scroll of fear
 g - 2 scrolls of noise {unknown}
 h - a scroll of identify {unknown}
 i - a scroll of blinking {unknown}
 j - a scroll of immolation {unknown}


   Skills:
 * Level 3.3 Fighting
 * Level 2.3 Long Blades
 * Level 2.2 Dodging
 + Level 7.2 Stealth
 * Level 0.7 Spellcasting


You had 3 spell levels left.
You didn't know any spells.
Your spell library was empty.

Dungeon Overview and Level Annotations

Branches:
Dungeon (5/15)
 Temple: D:4-7

Altars:
Makhleb

Shops:
D:5 [


Innate Abilities, Weirdness & Mutations

You cannot wear most types of armour.
You are amphibious.
You can wear up to eight rings at the same time.
Your skin changes colour to match your surroundings (Stealth+).
Your rubbery body absorbs attacks. (AC +1, EV +1)
((You are camouflaged when in or above water. (Stealth+)))
You have tentacles for arms and can constrict up to eight enemies at once.


Message History

The howler monkey hoots and howls with incredible vigour!
You hear a shout!
You hear an angry hiss. x2
You hit the howler monkey. You grab the howler monkey.
You squeeze the howler monkey!
The howler monkey is almost dead.
You constrict the howler monkey. The howler monkey barely misses you.
You hit the howler monkey.
You kill the howler monkey!
Your Stealth skill increases to level 7!
You have reached level 2!
You have reached level 3!
Your experience leads to an increase in your attributes!
Increase (S)trength, (I)ntelligence, or (D)exterity?
You feel clever. x2
You see here a howler monkey corpse.
You feel yourself speed up. The phantom barely misses you.
The phantom hits you.
Found 8 gold pieces.
Your extra speed is starting to run out.
Found 7 stones.
Found a stone staircase leading up.
You now have 22 gold pieces (gained 8).
You feel yourself slow down.
Found a burning altar of Makhleb.
A dart slug comes into view.
You barely miss the dart slug. You grab the dart slug.
You squeeze the dart slug, but do no damage.
You constrict the dart slug. The dart slug barely misses you.
You hit the dart slug.
The dart slug is lightly wounded.
You constrict the dart slug. The dart slug launches a dart at you.
The slug dart misses you.
You hit the dart slug. You squeeze the dart slug.
You kill the dart slug!
You see here a dart slug corpse.
(D) Dungeon
Where to? (? - help)
Okay, then.
Are you sure you want to abandon this character and quit the game? (Confirm with "yes".)

##################
#...............@#
#.##########.###.#
..# #.# #.# ..#
#.# #.# ..#
##.###.# ..#
##...##.# .##
##.....###
.########.......#
....(...#..._...#


There were no monsters in sight!

Vanquished Creatures
  A howler monkey (D:5)
  A dart slug (D:5)
2 creatures vanquished.

Notes
Turn   | Place    | Note
-------+----------+-------------------------------------------
     0 | D:5      | Esekla the Octopode Delver began the quest for the Orb.
     0 | D:5      | Reached XP level 1. HP: 16/16 MP: 1/1
    21 | D:5      | Noticed a howler monkey
    29 | D:5      | Found Danuidi's Armour Boutique.
    42 | D:5      | Noticed a phantom
    89 | D:5      | Noticed an iguana
   113 | D:5      | Killed a howler monkey
   114 | D:5      | Reached skill level 7 in Stealth
   114 | D:5      | Reached XP level 2. HP: 21/21 MP: 1/3
   114 | D:5      | Reached XP level 3. HP: 26/26 MP: 1/4
   172 | D:5      | Found a burning altar of Makhleb.
   196 | D:5      | Quit the game

Illustrated notes

Levels and vault maps discovered:
D:5:      layout_loops_ring, lemuel_round_altar, serial_shops,
          nicolae_shop_real_fake_doors

Skill      XL: |  1 |
---------------+----+-----
Stealth        | 7 |  7.2
Fighting       | |  3.3
Long Blades    | |  2.3
Dodging        | |  2.2
Spellcasting   | |  0.7

Action                     || total
---------------------------++-------
  Melee: Falchion          ||     6
         Tentacles         ||     3
         Constrict         ||     2
    Use: Scroll            ||     1
         Potion            ||     1
  Dodge: Dodged            ||     5

Table legend: (Time is in decaauts)
 A = Elapsed time spent in this place.
 B = Non-inter-level travel time spent in this place.
 C = Inter-level travel time spent in this place.
 D = Time resting spent in this place.
 E = Time spent auto-exploring this place.
 F = Levels seen in this place.
 G = Mean time per level.
                   A        B        C        D        E       F      G
               +--------+--------+--------+--------+--------+-----+--------+
         Total |    184 |    184 |      0 |      0 |      0 |   1 |  184.0 |
       Dungeon |    184 |    184 |      0 |      0 |      0 |   1 |  184.0 |
               +--------+--------+--------+--------+--------+-----+--------+

Top non-repeatable levels by time:
     D:5: 184 daAuts
